 Dungeon Crawl Stone Soup version 0.26-a0-540-g8a0c9464d7 (webtiles) character file.

Game seed: 12277853868941450286

5300 Inarius the Cleaver (level 10, 0/82 HPs)
             Began as a Mummy Wanderer on Aug 23, 2020.
             Was an Elder of Okawaru.
             Slain by an ogre
             ... wielding a +0 giant club
              (23 damage)
             ... on level 9 of the Dungeon.
             The game lasted 00:15:20 (11046 turns).

Inarius the Cleaver (Mummy Wanderer)               Turns: 11046, Time: 00:15:20

Health: 0/82       AC: 14    Str: 19    XL:     10   Next: 37%
Magic:  11/11      EV:  3    Int: 10    God:    Okawaru [****..]
Gold:   626        SH:  9    Dex: 13    Spells: 9/9 levels left

rFire    x . .     SeeInvis .   o - +0 war axe
rCold    + + .     Faith    +   t - +0 kite shield
rNeg     + + +     Spirit   .   z - +0 plate armour
rPois    ∞         Reflect  .   (no helmet)
rElec    .         Harm     .   (no cloak)
rCorr    .                      q - +0 pair of gloves
MR       +....                  h - +0 pair of boots
Stlth    ..........             r - amulet of faith
HPRegen  0.23/turn              k - ring "Ciuguesu" {Wiz rC+}
MPRegen  0.12/turn              e - ring of stealth

@: no status effects
A: no potions, fire vulnerability, cold resistance 1, negative energy resistance
3, torment resistance, unbreathing
a: Heroism, Renounce Religion


You were on level 9 of the Dungeon.
You worshipped Okawaru.
Okawaru was greatly pleased with you.
You visited 2 branches of the dungeon, and saw 10 of its levels.

You collected 626 gold pieces.

Inventory:

Hand Weapons
 a - a +2 spear
 o - a +0 war axe (weapon)
Armour
 h - a +0 pair of boots (worn)
 q - a +0 pair of gloves (worn)
 t - a +0 kite shield (worn)
 u - a +0 tower shield
 z - a +0 plate armour (worn)
Jewellery
 e - a ring of stealth (right hand)
 k - the ring "Ciuguesu" (left hand) {Wiz rC+}
   (You found it on level 4 of the Dungeon)

   [ring of wizardry]

   It improves your spell success rate.
   It protects you from cold.
 r - an amulet of faith (around neck)
 D - an uncursed ring of flight
Wands
 b - a wand of acid (1)
 d - a wand of polymorph (16)
 p - a wand of paralysis (2)
 w - a wand of iceblast (7)
 B - a wand of flame (13)
 C - a wand of enslavement (7)
 E - a wand of digging (6)
Scrolls
 c - 5 scrolls of teleportation
 f - 2 scrolls of enchant armour
 g - 5 scrolls of enchant weapon
 i - 3 scrolls of amnesia
 j - 2 scrolls of fear
 l - 3 scrolls of remove curse
 n - 2 scrolls of immolation
 s - a scroll of blinking
 v - a scroll of magic mapping
 x - 2 scrolls of fog
 y - a scroll of brand weapon
 A - 3 scrolls of identify
 F - a scroll of holy word


   Skills:
 + Level 8.7 Fighting
 * Level 9.6 Axes
 + Level 1.0 Throwing
 + Level 5.3 Armour
 - Level 1.0 Stealth
 + Level 2.9 Shields
 + Level 2.5 Invocations
 + Level 3.0 Evocations


You had 9 spell levels left.
You didn't know any spells.
Your spell library contained the following spells:

 Spells                   Type           Power        Failure   Level
 Beastly Appendage        Tmut           Unusable     N/A         1
 Wereblood                Tmut           Unusable     N/A         2
 Spider Form              Tmut/Pois      Unusable     N/A         3
 Ice Form                 Ice/Tmut       Unusable     N/A         4
 Blade Hands              Tmut           Unusable     N/A         5

Dungeon Overview and Level Annotations

Branches:
Dungeon (9/15)             Temple (1/1) D:7            Lair (0/6) D:9
    Orc (0/2) D:9

Altars:
Ashenzari
Cheibriados
Dithmenos
Elyvilon
Fedhas
Gozag
Hepliaklqana
Kikubaaqudgha
Makhleb
Nemelex Xobeh
Okawaru
Qazlal
Ru
Sif Muna
Trog
Uskayaw
Vehumet
Wu Jian
Xom
Yredelemnul
Zin
The Shining One

Shops:
D:8 !   D:9 [(

Annotations:
D:3 2 transporters, erdraug's ghost, amateur TeAE


Innate Abilities, Weirdness & Mutations

You do not drink.
Your flesh is vulnerable to fire.
You are immune to poison.
Your flesh is cold resistant. (rC+)
You are immune to negative energy. (rN+++)
You are immune to unholy pain and torment.
You can survive without breathing.


Message History

You are too injured to fight recklessly!
You are too injured to fight recklessly!
You are too injured to fight recklessly!
You are too injured to fight recklessly!
You are too injured to fight recklessly!
You are too injured to fight recklessly!
You are too injured to fight recklessly!
You are too injured to fight recklessly!
You are too injured to fight recklessly!
You are too injured to fight recklessly!
You are too injured to fight recklessly!
You are too injured to fight recklessly!
You hit the ogre.
The ogre is severely wounded.
The ogre hits you with a +0 giant club!
* * * LOW HITPOINT WARNING * * *
You slash the ogre!
The ogre is almost dead.
The ogre hits you with a +0 giant club!!
You die...

#......................P..P.PP..
#...............................
######################...PPPPP..
#......#.P..P.PPPPP
#......#...PP.PPP.. .
#.[.....PPPPP..P.P. ...
#........PPPP.P.P.P
.....####.....PP...PP..P
......O@....P.P..PP..PP.
................P.P>PP..
.............PPP..P...PP
#####...####...PP.P...P. ......
...P.P..PP..P .......
...P.P....PP ........
....P..PPPPP .........
P..P.)PPP. .PP.P..


You could see an ogre.

Vanquished Creatures
  A hydra (D:9)
  A troll (D:9)
  2 hippogriffs (D:9)
  Grinder (D:6)
  Sigmund (D:5)
  A wyvern (D:8)
  A water moccasin (D:5)
  5 porcupines (D:9)
  An orc warrior (D:7)
  2 ice beasts
  2 sky beasts (D:8)
  A phantom (D:4)
  An ogre (D:4)
  2 centaurs
  2 crocodiles (D:9)
  A big kobold (D:7)
  8 bullfrogs
  A wyvern zombie (D:8)
  A gnoll sergeant (D:8)
  7 scorpions
  A howler monkey (D:6)
  A quasit (D:9)
  2 hounds
  3 jellies
  5 orc wizards
  A centaur skeleton (D:4)
  An orc priest (D:9)
  7 worker ants
  Terence (D:3)
  An iguana (D:4)
  A hound zombie (D:6)
  A hound skeleton (D:8)
  2 worker ant zombies
  8 gnolls
  4 adders
  2 white imps
  4 ufetubi
  An ooze (D:5)
  2 adder skeletons
  4 worms
  A dart slug (D:1)
  6 leopard geckos
  35 orcs
  A ball python (D:4)
  3 giant cockroaches
  8 goblins
  4 hobgoblins
  7 jackals
  6 quokkas
  2 bats (D:3)
  5 frilled lizards
  13 kobolds
  2 quokka zombies
  12 rats
  A fungus (D:9)
200 creatures vanquished.

Vanquished Creatures (others)
  8 fungi (D:9)
  7 plants
15 creatures vanquished.

Grand Total: 215 creatures vanquished

Notes
Turn   | Place    | Note
-------+----------+-------------------------------------------
     0 | D:1      | Inarius the Mummy Wanderer began the quest for the Orb.
     0 | D:1      | Inarius set off with the following items: a +2 spear, a +0
                  | hand axe, a scroll of teleportation, a +0 robe
     0 | D:1      | Reached XP level 1. HP: 24/24 MP: 1/1
   244 | D:1      | Reached XP level 2. HP: 23/31 MP: 2/2
  1327 | D:2      | Reached skill level 1 in Axes
  1327 | D:2      | Reached XP level 3. HP: 31/36 MP: 3/3
  1583 | D:2      | Found an ancient bone altar of Kikubaaqudgha.
  1909 | D:2      | Reached XP level 4. HP: 43/43 MP: 4/4
  2421 | D:3      | Noticed Terence
  2578 | D:3      | Reached skill level 2 in Axes
  2710 | D:3      | Reached XP level 5. HP: 26/48 MP: 5/5
  2935 | D:3      | Reached skill level 3 in Axes
  3241 | D:3      | Found a burning altar of Makhleb.
  3320 | D:3      | Found a transporter.
  3429 | D:3      | Noticed erdraug's ghost (amateur TeAE)
  3596 | D:3      | Found a faded altar of an unknown god.
  3634 | D:3      | Found a transporter.
  3654 | D:3      | Killed Terence
  3843 | D:4      | Reached XP level 6. HP: 46/56 MP: 6/6
  4278 | D:4      | Reached skill level 4 in Axes
  4686 | D:4      | Reached XP level 7. HP: 44/61 MP: 7/7
  4905 | D:4      | Got a steaming marble ring
  4906 | D:4      | Identified the ring "Ciuguesu" {Wiz rC+} (You found it on
                  | level 4 of the Dungeon)
  5187 | D:5      | Entered Level 5 of the Dungeon
  5233 | D:5      | Noticed Sigmund
  5343 | D:5      | Reached skill level 5 in Axes
  5671 | D:5      | Found a radiant altar of Vehumet.
  5792 | D:5      | Killed Sigmund
  5792 | D:5      | Reached skill level 1 in Evocations
  5930 | D:6      | Found a shattered altar of Ashenzari.
  5933 | D:6      | Found a bloodstained altar of Trog.
  5933 | D:6      | Found a radiant altar of Vehumet.
  5936 | D:6      | Found a sacrificial altar of Ru.
  5937 | D:6      | Found a hide-covered altar of Uskayaw.
  5949 | D:6      | Reached skill level 6 in Axes
  6073 | D:6      | Noticed Grinder
  6082 | D:6      | Killed Grinder
  6082 | D:6      | Reached XP level 8. HP: 68/68 MP: 8/8
  6263 | D:6      | Found a glowing silver altar of Zin.
  6399 | D:6      | Found a glowing golden altar of the Shining One.
  6750 | D:7      | Reached skill level 7 in Axes
  6752 | D:7      | Found a radiant altar of Vehumet.
  7067 | D:7      | Found a staircase to the Ecumenical Temple.
  7078 | Temple   | Entered the Ecumenical Temple
  7143 | Temple   | Became a worshipper of Warmaster Okawaru
  7557 | D:7      | Reached * piety under Okawaru
  7557 | D:7      | Reached skill level 1 in Shields
  8043 | D:8      | Reached XP level 9. HP: 74/74 MP: 9/9
  8442 | D:8      | Reached skill level 1 in Invocations
  8449 | D:8      | Reached skill level 8 in Axes
  8893 | D:8      | Noticed a fire crab
  8893 | D:8      | an ogre changed into a fire crab
  9226 | D:8      | Found Foalen's Distillery.
  9389 | D:9      | Noticed a troll
  9396 | D:9      | Killed a troll
  9396 | D:9      | Reached ** piety under Okawaru
  9430 | D:9      | Found Tudelus's Weapon Boutique.
  9430 | D:9      | Found a staircase to the Orcish Mines.
  9521 | D:9      | Found Erise's Armour Boutique.
  9966 | D:9      | Found a staircase to the Lair.
  9996 | D:9      | Reached *** piety under Okawaru
 10053 | D:9      | Reached skill level 9 in Axes
 10186 | D:9      | Reached XP level 10. HP: 77/82 MP: 11/11
 10750 | D:9      | Reached skill level 5 in Armour
 10779 | D:9      | Found a shadowy altar of Dithmenos.
 10945 | D:9      | Noticed a seven-headed hydra
 10950 | D:9      | Killed a seven-headed hydra
 10950 | D:9      | Reached **** piety under Okawaru
 11046 | D:9      | Slain by an ogre

Illustrated notes

Levels and vault maps discovered:
D:1:      wheals_arrival_shading, layout_loops_ring
D:2:      layout_basic, lemuel_round_altar
D:3:      layout_loops_corners, chequers_ecumenical_altar_lobes,
          gammafunk_ghost_gnarly_gnolls, makhleb_blood_cavern_becter,
          uniq_terence
D:4:      layout_loops_ring
D:5:      layout_rooms, basic_altar, uniq_sigmund
D:6:      layout_basic, overflow_temple_1_default, zin_treasury,
          grunt_temple_overflow_open, uniq_grinder
D:7:      layout_loops_ring, minmay_temple_entry_glass, basic_altar
D:8:      layout_loops_cross, serial_shops, kennysheep_mini_moat
D:9:      layout_grid_maze, nicolae_dithmenos_through_a_glass_darkly,
          due_lair_maze_entry_diamond, orc_david_3
Temple:   dshaligram_water_room_temple

Skill      XL: |  1  2  3  4  5  6  7  8  9 10 |
---------------+-------------------------------+-----
Axes           | 1 2 3 4 6 7 9 |  9.6
Armour         | 2 3 4 5 |  5.3
Evocations     | 1 2 3 |  3.0
Fighting       | 8 |  8.7
Shields        | 1 2 |  2.9
Invocations    | 2 |  2.5
Throwing       | |  1.0
Stealth        | |  1.0

Action                   |  1- 3 |  4- 6 |  7- 9 | 10-12 || total
-------------------------+-------+-------+-------+-------++-------
Melee: Hand axe          |   126 |    71 |       |       ||   197
       War axe           |       |   107 |   398 |   108 ||   613
Evoke: Wand              |       |     1 |    21 |     5 ||    27
  Use: Scroll            |       |       |    15 |     2 ||    17
 Stab: Paralysed         |       |       |    16 |       ||    16
Armor: Ring mail         |    38 |       |       |       ||    38
       Robe              |     1 |       |       |       ||     1
       Leather armour    |     1 |       |       |       ||     1
       Scale mail        |     6 |    79 |   128 |       ||   213
       Plate armour      |       |       |   128 |    47 ||   175
Dodge: Dodged            |    57 |    78 |   102 |    10 ||   247
Block: Kite shield       |       |       |   160 |    34 ||   194

Table legend: (Time is in decaauts)
 A = Elapsed time spent in this place.
 B = Non-inter-level travel time spent in this place.
 C = Inter-level travel time spent in this place.
 D = Time resting spent in this place.
 E = Time spent auto-exploring this place.
 F = Levels seen in this place.
 G = Mean time per level.
                   A        B        C        D        E       F      G
               +--------+--------+--------+--------+--------+-----+--------+
         Total |  11231 |  10804 |    427 |   2262 |   6399 |  10 | 1123.1 |
       Dungeon |  11152 |  10725 |    427 |   2262 |   6337 |   9 | 1239.1 |
        Temple |     78 |     78 |      0 |      0 |     62 |   1 |   78.0 |
               +--------+--------+--------+--------+--------+-----+--------+

Top non-repeatable levels by time:
     D:3: 1661 daAuts
     D:8: 1535 daAuts
     D:9: 1477 daAuts
     D:2: 1304 daAuts
     D:7: 1301 daAuts
     D:4: 1207 daAuts
     D:1: 1174 daAuts
     D:6: 821 daAuts
     D:5: 668 daAuts
  Temple: 78 daAuts
